 Dungeon Crawl Stone Soup version 0.18.1-5-g4a78601 (webtiles) character file.

88 Shtopit the Chopper (level 4, -4/42 HPs)
             Began as a Deep Dwarf Berserker on May 13, 2016.
             Was a Believer of Trog.
             Slain by a kobold
             ... wielding a +1 short sword of electrocution
              (11 damage)
             ... on level 3 of the Dungeon.
             The game lasted 00:04:52 (2081 turns).

Shtopit the Chopper (Deep Dwarf Berserker)          Turns: 2081, Time: 00:04:53

Health: -4/42      AC:  4    Str: 21    XL:     4   Next: 30%
Magic:  4/4        EV: 12    Int:  8    God:    Trog [**....]
Gold:   174        SH:  0    Dex: 12    Spells: 0 memorised, 3 levels left

rFire  + . .     SeeInvis .     a - +0 hand axe
rCold  . . .     Gourm    .     q - +1 leather armour {rF+}
rNeg   . . .     Faith    .     (no shield)
rPois  .         Spirit   .     (no helmet)
rElec  .         Dismiss  .     (no cloak)
rCorr  .         Reflect  .     (no gloves)
SustAt .         Harm     .     (no boots)
MR     .....                    (no amulet)
Stlth  +.........               (no ring)
                                (no ring)

@: non-regenerating, not resistant to hostile enchantments, very unstealthy
A: damage resistance, recharge devices, sense surroundings 1, slow regeneration
3
a: Device Recharging, Berserk, Trog's Hand, Burn Spellbooks, Renounce Religion


You were on level 3 of the Dungeon.
You worshipped Trog.
Trog was pleased with you.
You were not hungry.

You visited 1 branch of the dungeon, and saw 3 of its levels.

You collected 174 gold pieces.

Inventory:

Hand Weapons
 a - a +0 hand axe (weapon)
Armour
 b - a +0 animal skin
 e - a +0 ring mail
 q - a +1 leather armour of fire resistance (worn)
Jewellery
 f - an uncursed ring of stealth {unknown}
Wands
 c - a wand of heal wounds (5/9)
Scrolls
 h - a scroll of noise {unknown}
 j - a scroll of blinking {unknown}
 l - 2 scrolls of remove curse {unknown}
 r - 2 scrolls of identify {unknown}
 t - a scroll of magic mapping {unknown}
Potions
 i - a potion of agility {unknown}
 k - a potion of flight {unknown}
 m - a potion of brilliance {unknown}
 n - a potion of curing {unknown}
 o - a potion of degeneration {unknown}
Comestibles
 d - 4 bread rations
 g - 2 meat rations
 p - a beef jerky
 u - 3 fruits


   Skills:
 + Level 3.3 Fighting
 + Level 4.3 Axes
 + Level 2.8 Armour
 + Level 2.9 Dodging


You had 3 spell levels left.
You didn't know any spells.

Dungeon Overview and Level Annotations

Branches:
Dungeon (3/15)

Altars:
Ashenzari
Elyvilon
Sif Muna
Trog
Yredelemnul
Zin


Innate Abilities, Weirdness & Mutations

You are resistant to damage.
You can recharge devices by infusing magical energy.
You passively map a small area around you.
You do not regenerate naturally.


Message History

Found a leather armour.
Found a white marble altar of Elyvilon.
Found 16 sling bullets.
Found a deep blue altar of Sif Muna.
Found 19 bolts.
There is a shattered altar of Ashenzari here.
You now have 166 gold pieces (gained 17).
r - 2 scrolls labeled RILOCL UJ MILA (gained 1)
You now have 174 gold pieces (gained 8).
d - 3 bread rations (gained 1)
You open the door.
There is an open door here.
d - 4 bread rations (gained 1)
A kobold comes into view.
It is wielding a short sword of electrocution.
The kobold shouts!
Found 7 gold pieces.
The kobold hits you with a short sword of electrocution!
You are electrocuted!
* * * LOW HITPOINT WARNING * * *
You hit the kobold but do no damage. The kobold hits you but does no damage.
You are electrocuted!
You die...

..#####......# *
.....##......#### * *
................# * ,
.#......#.......##### , ,
.#......#...........# *
....................+ #.
....#...#...........#.$..
....#...####+###.........#*
....+... ......K@.........
, ....#, ..........##..#.#
....# ......#.#.# ....# ,
....# ......#.#.# .#.#
.####, ......#.#.. . .
..... ...## ...... .. *
...... ... ...####, *, ,
...... .# ... * * ##.... ,
,


You could see a kobold.

Vanquished Creatures
  2 adders (D:2)
  An adder zombie (D:1)
  2 dart slugs (D:1)
  A worm (D:2)
  2 giant geckos (D:1)
  A ball python (D:1)
  10 hobgoblins
  8 jackals (D:2)
  8 kobolds
  A quokka (D:2)
  A ball python zombie (D:1)
  4 bats
  3 giant newts
  5 goblins (D:2)
  5 rats
  A spectral orc (D:2)
55 creatures vanquished.

Notes
Turn   | Place    | Note
--------------------------------------------------------------
     0 | D:1      | Shtopit the Deep Dwarf Berserker began the quest for the Orb.
     0 | D:1      | Reached XP level 1. HP: 20/20 MP: 1/1
    98 | D:1      | Reached XP level 2. HP: 21/27 MP: 2/2
   703 | D:1      | Reached XP level 3. HP: 19/34 MP: 3/3
   820 | D:1      | Reached ** piety under Trog
   853 | D:1      | Reached skill level 4 in Axes
  1295 | D:2      | Reached XP level 4. HP: 32/42 MP: 4/4
  1573 | D:2      | Found a basalt altar of Yredelemnul.
  1828 | D:2      | Found a glowing silver altar of Zin.
  1920 | D:3      | Found a shattered altar of Ashenzari.
  1922 | D:3      | Found a bloodstained altar of Trog.
  1987 | D:3      | Found a white marble altar of Elyvilon.
  1989 | D:3      | Found a deep blue altar of Sif Muna.
  2081 | D:3      | Slain by a kobold

Skill      XL: |  1  2  3 |
---------------+----------+-----
Fighting       | 3 |  3.3
Axes           | 4 |  4.3
Armour         | |  2.8
Dodging        | |  2.9

Action                   |  1- 3 |  4- 6 || total
-------------------------+-------+-------++-------
Melee: Hand axe          |   113 |    30 ||   143
Invok: Berserk           |     5 |     1 ||     6
       Trog's Hand       |     1 |       ||     1
  Eat: Chunk             |     7 |     3 ||    10
Armor: Ring mail         |    40 |     4 ||    44
       Leather armour    |       |     1 ||     1
Dodge: Dodged            |    64 |    19 ||    83
